 Dungeon Crawl Stone Soup version 0.30.0-11-gf55b779eaf (webtiles) character file.

Game seed: 2512284501962269263

71980 JanusIIV the Spear-Bearer (level 14, -1/113 HPs)
             Began as a Minotaur Fighter on May 17, 2023.
             Was the Champion of Hepliaklqana.
             Slain by a thrashing horror (7 damage)
             ... on level 3 of the Abyss.
             The game lasted 00:55:27 (22887 turns).

JanusIIV the Spear-Bearer (Minotaur Fighter)       Turns: 22887, Time: 00:55:28

Health: -1/113     AC: 13    Str: 27    XL:     14   Next: 99%
Magic:  17/17      EV: 18    Int:  5    God:    Hepliaklqana [******]
Gold:   1798       SH: 10    Dex:  9    Spells: 13/13 levels left

rFire   . . .        A - +2 spear (pain)
rCold   x . .        c - +0 buckler
rNeg    . . .        C - +2 scale mail {rF+}
rPois   .            (helmet restricted)
rElec   .            Q - +0 cloak
rCorr   .            P - +1 pair of gloves
SInv    .            E - +0 pair of boots
Will    +....        G - amulet of reflection Stlth
                     n - ring of protection from fire
HPRegen 0.38/turn    o - +5 ring of evasion
MPRegen 0.15/turn

%: random rage (9%), reflection
@: mighty, on berserk cooldown, invisible, unable to read
A: reduced essence, horns 2, retaliatory headbutt, [berserk 2], [deformed body],
[deterioration 1], [screaming 1], [cold vulnerability 1], [heat vulnerability
2], [inability to read after injury 2]
a: Renounce Religion, Recall Ancestor, Ancestor Identity, Transference, Idealise


You were on level 3 of the Abyss.
You worshipped Hepliaklqana.
Hepliaklqana was exalted by your worship.
You visited 3 branches of the dungeon, and saw 21 of its levels.
You visited the Abyss 1 time.
You also visited: Sewer and Bailey.

You collected 1798 gold pieces.

Inventory:

Hand Weapons
 a - a +0 trident
 A - a +2 spear of pain (weapon)
Armour
 c - a +0 buckler (worn)
 C - a +2 scale mail of fire resistance (worn)
 E - a +0 pair of boots (worn)
 P - a +1 pair of gloves (worn)
 Q - a +0 cloak (worn)
Jewellery
 n - a ring of protection from fire (left hand)
 o - a +5 ring of evasion (right hand)
 q - a +4 ring of protection
 s - a ring of resist corrosion
 G - an amulet of reflection (around neck)
 J - a ring of willpower
 R - an amulet of guardian spirit
Wands
 g - a wand of light (4)
 y - a wand of flame (52)
 H - a wand of mindburst (1)
Scrolls
 i - 2 scrolls of enchant armour
 k - 11 scrolls of identify
 p - 5 scrolls of magic mapping
 r - 9 scrolls of teleportation
 v - 4 scrolls of immolation
 F - a scroll of enchant weapon {unknown}
 I - a scroll of silence {unknown}
 L - a scroll of summoning {unknown}
Potions
 f - 3 potions of invisibility
 h - 2 potions of berserk rage
 l - 6 potions of attraction
 m - 2 potions of flight {unknown}
 t - a potion of cancellation {unknown}
 w - 2 potions of resistance {unknown}
 B - 4 potions of mutation
 K - a potion of magic {unknown}
 N - a potion of brilliance {unknown}
 O - a potion of ambrosia {unknown}


   Skills:
 - Level 12.0 Fighting
 - Level 14.4 Polearms
 - Level 12.0 Armour
 - Level 12.0 Dodging
 - Level 8.0 Shields
 + Level 5.6 Invocations
 - Level 14.0 Evocations


You had 13 spell levels left.
You didn't know any spells.
Your spell library contained the following spells:

 Spells                   Type           Power      Damage    Failure   Level
 Foxfire                  Conj/Fire      0%         2x1d4     75%         1
 Magic Dart               Conj           0%         1d3       75%         1
 Searing Ray              Conj           0%         2d4       86%         2
 Dazzling Flash           Conj/Hex       0%         N/A       98%         3
 Inner Flame              Hex/Fire       0%         N/A       98%         3
 Tukima's Dance           Hex            0%         N/A       98%         3
 Flame Wave               Conj/Fire      0%         2d4       100%        4
 Fulminant Prism          Conj/Hex       0%         3d5       100%        4
 Passage of Golubria      Tloc           0%         N/A       100%        4
 Sticky Flame             Conj/Fire      0%         2d3       100%        4
 Summon Ice Beast         Ice/Summ       0%         N/A       100%        4
 Agony                    Necr           0%         N/A       100%        5
 Alistair's Intoxication  Tmut/Pois      0%         N/A       100%        5
 Borgnjor's Vile Clutch   Necr/Erth      0%         N/A       100%        5
 Fireball                 Conj/Fire      0%         3d3       100%        5
 Silence                  Hex/Air        0%         N/A       100%        5
 Summon Mana Viper        Hex/Summ       0%         N/A       100%        5
 Yara's Violent Unravell  Hex/Tmut       0%         3d3       100%        5
 Eringya's Noxious Bog    Tmut/Pois      0%         N/A       100%        6
 Plasma Beam              Fire/Air       0%         2x1d11    100%        6
 Starburst                Conj/Fire      0%         6d3       100%        6
 Enfeeble                 Hex            0%         N/A       100%        7
 Monstrous Menagerie      Summ           0%         N/A       100%        7


Dungeon Overview and Level Annotations

Branches:
Dungeon (15/15)            Temple (1/1) D:5            Lair (5/5) D:9
  Swamp (0/4) Lair:3       Spider (0/4) Lair:2        Slime (0/5) Lair:5
    Orc (0/2) D:11         Vaults (0/5) D:13          Sewer (visited)
 Bailey (visited)
 Depths: D:15

Altars:
Ashenzari
Cheibriados
Dithmenos
Elyvilon
Fedhas
Gozag
Hepliaklqana
Kikubaaqudgha
Makhleb
Nemelex Xobeh
Okawaru
Qazlal
Ru
Sif Muna
Trog
Uskayaw
Vehumet
Wu Jian
Xom
Yredelemnul
Zin
The Shining One

Shops:
D:14 *=

Annotations:
D:7 3 runed translucent doors, JanusIIV's ghost, novice MfWr
D:15 Jorgrun; Louise
Lair:3 exclusion: oklob plant


Innate Abilities, Weirdness & Mutations

Your life essence is reduced to manifest your ancestor. (-10% HP)
You have a pair of horns on your head.
You reflexively headbutt those who attack you in melee.
[You have an uncontrollable temper.]
[Armour fits poorly on your strangely shaped body.]
[Your body sometimes deteriorates upon taking damage.]
[You occasionally shout uncontrollably at your foes.]
[You are vulnerable to cold. (rC-)]
[You are very vulnerable to heat. (rF--)]
[You sometimes lose the ability to read scrolls when taking damage.]


Message History

* * * LOW HITPOINT WARNING * * *
You hold your ground!
The thrashing horror closely misses you.
Reach: A) +2 spear (pain)
Press: ? - help, Dir - move target, f/p - thrashing horror
Aim: a thrashing horror (ally target, about 28% to evade your +2 spear of pain)
You reach to attack!
You hit the thrashing horror.
The thrashing horror is lightly damaged.
Kammani hits the thrashing horror but does no damage.
You hit the thrashing horror. You headbutt the thrashing horror.
The thrashing horror is lightly damaged.
You block the thrashing horror's attack. x2
The thrashing horror tramples you!
You feel threatened and lose the ability to read scrolls!
* * * LOW HITPOINT WARNING * * *
You hold your ground!
The thrashing horror closely misses you.
Kammani hits the thrashing horror with a +0 dagger of draining.
You puncture the thrashing horror!
The thrashing horror is heavily damaged.
The thrashing horror tramples you but does no damage.
The thrashing horror completely misses you.
The thrashing horror tramples you!
* * * LOW HITPOINT WARNING * * *
You hold your ground!
The thrashing horror closely misses you.
The thrashing horror attacks as you move away!
You block the thrashing horror's attack.
The thrashing horror tramples you.
* * * LOW HITPOINT WARNING * * *
The thrashing horror tramples Kammani!
Kammani is shoved backwards!
The thrashing horror closely misses you.
You furiously retaliate!
You headbutt the thrashing horror!!
The thrashing horror closely misses you.
You fade into invisibility!
The thrashing horror churns violently!
The thrashing horror seems to grow stronger.
You block the thrashing horror's attack.
The thrashing horror tramples you!
You die...

. ## #. #. # .
.# ...### . .
..#.# #.#####
#.. #
#..#.#....
.#.#.#.#... .
#..#.#.#.# #
#..##...@X###
#.#.....R...#
#......#.#...#
#.####.#.#
..... . .#.
.#.X. ..## #
.# #..# ... #
.# .#### #. #.
# #.


You could see the friendly Kammani the hexer and 2 thrashing horrors.

Vanquished Creatures
  A tentacled starspawn (Abyss:3)
  6 vault guards (D:13)
  2 hydras (Lair:5)
  A rakshasa (D:14)
  A catoblepas (Lair:3)
  A boulder beetle (Lair:5)
  3 two-headed ogres
  2 centaur warriors
  A tengu warrior (D:14)
  5 death yaks (Lair:5)
  Sonja (D:12)
  A thrashing horror (Abyss:3)
  A skyshark (Lair:3)
  Amaemon (Lair:2)
  Lodul (D:10)
  A sixfirhy (Abyss:3)
  A wretched star (Abyss:3)
  11 ugly things
  2 starcursed masses (Abyss:3)
  5 cyclopes
  3 manticores
  4 slime creatures
  An orange demon (Lair:2)
  2 cane toads
  2 gargoyles
  A torpor snail (Lair:4)
  A freezing wraith (D:14)
  A komodo dragon (shapeshifter) (D:14)
  An unseen horror (D:13)
  4 rime drakes
  4 efreet
  2 komodo dragons
  2 meliai (D:13)
  6 polar bears
  A troll (D:10)
  A raiju (Abyss:3)
  A jumping spider (shapeshifter) (D:15)
  4 centaur simulacra
  4 wyverns
  A ynoxinul (Abyss:3)
  54 yaks
  3 basilisks
  A steam dragon (D:7)
  A hog (shapeshifter) (D:13)
  8 vampire mosquitoes
  A harpy simulacrum (Abyss:3)
  2 acid dragons
  2 water moccasins
  Duvessa (D:5)
  A large abomination (Abyss:3)
  A meliai simulacrum (D:14)
  4 orc warriors
  A sky beast (D:7)
  10 ice beasts
  3 black bears
  3 boggarts (D:14)
  10 ogres
  6 wolves
  3 centaurs
  2 phantoms
  12 bullfrogs
  4 kobold brigands
  A gnoll sergeant (D:9)
  2 wyvern zombies (D:6)
  A scorpion (D:4)
  A water moccasin zombie (D:6)
  12 wights
  4 killer bees (D:8)
  Dowan (D:5)
  6 electric eels (D:11)
  6 howler monkeys
  A human zombie (D:6)
  A quasit (Abyss:3)
  2 bullfrog zombies (D:6)
  2 gnoll boudas
  4 orc priests
  3 hounds (D:5)
  3 jellies
  3 iguanas
  A sleepcap (D:6)
  Terence (D:3)
  3 hell rats (Lair:5)
  11 orc wizards
  A killer bee zombie (D:6)
  3 mummies (D:6)
  14 gnolls
  A river rat (D:4)
  11 adders
  2 shadow imps (D:6)
  3 white imps
  2 ufetubi
  A worm (D:3)
  A dart slug (D:4)
  26 orcs
  6 bats
  9 endoplasms
  5 giant cockroaches
  9 goblins
  5 hobgoblins
  5 jackals
  3 quokkas (D:1)
  9 ball pythons
  5 frilled lizards
  18 kobolds
  12 rats
  2 butterflies (Lair:2)
449 creatures vanquished.

Vanquished Creatures (collateral kills)
  A lich (Abyss:3)
  Harold (D:10)
  A hydra (Lair:2)
  2 vault guards (D:13)
  5 catoblepae
  A boulder beetle (D:14)
  A two-headed ogre (D:12)
  A tengu warrior (D:14)
  A wretched star (Abyss:3)
  A fire crab (Lair:5)
  4 ugly things (D:14)
  A manticore (Lair:5)
  4 cane toads
  A komodo dragon (Lair:5)
  An unseen horror (D:12)
  A meliai (D:13)
  2 polar bears
  2 raiju (Abyss:3)
  A vampire (D:13)
  2 water elementals
  A basilisk (Lair:1)
  18 yaks
  A starcursed mass (Abyss:3)
  A vampire mosquito (D:10)
  An acid dragon (D:10)
  A small abomination (Abyss:3)
  7 water moccasins
  An orc warrior (D:10)
  3 ice beasts
  4 wolves
  An ogre (D:10)
  A centaur (D:9)
  A kobold brigand (D:10)
  A bullfrog (Lair:1)
  A howler monkey (D:12)
  A hell rat (Lair:5)
  An orc wizard (D:10)
  A gnoll (D:9)
  A white imp (D:13)
  An orc (D:10)
  A butterfly (Lair:2)
83 creatures vanquished.

Vanquished Creatures (others)
  A boggart (D:14)
  An electric eel (D:11)
  3 ancestors (D:9)
  23 hexers
28 creatures vanquished.

Grand Total: 560 creatures vanquished

Notes
Turn   | Place    | Note
-------+----------+-------------------------------------------
     0 | D:1      | JanusIIV the Minotaur Fighter began the quest for the Orb.
     0 | D:1      | Reached XP level 1. HP: 19/19 MP: 0/0
   123 | D:1      | Reached XP level 2. HP: 27/27 MP: 1/1
   430 | D:2      | Reached XP level 3. HP: 31/34 MP: 2/2
  1280 | D:3      | Noticed Terence
  1285 | D:3      | Reached skill level 5 in Fighting
  1291 | D:3      | Killed Terence
  1292 | D:3      | Reached XP level 4. HP: 9/42 MP: 3/3
  1539 | D:3      | Found a glowing golden altar of the Shining One.
  1574 | D:3      | Found a blossoming altar of Fedhas.
  1796 | D:4      | Reached skill level 5 in Polearms
  1796 | D:4      | Reached XP level 5. HP: 42/48 MP: 4/4
  1955 | D:4      | Found a glowing drain.
  1975 | Sewer    | Entered a sewer
  2168 | Sewer    | Reached XP level 6. HP: 51/57 MP: 5/5
  2168 | Sewer    | Found a viscous altar of Jiyva.
  2317 | D:4      | Found a snail-covered altar of Cheibriados.
  2658 | D:4      | Identified the +2 mace "Revepsop" {flame, rElec rF+}
  3330 | D:5      | Entered Level 5 of the Dungeon
  3334 | D:5      | Reached XP level 7. HP: 58/63 MP: 6/6
  3474 | D:5      | Noticed Dowan
  3474 | D:5      | Noticed Duvessa
  3486 | D:5      | Killed Duvessa
  3488 | D:5      | Killed Dowan
  3590 | D:5      | Reached skill level 5 in Armour
  3705 | D:5      | Found a staircase to the Ecumenical Temple.
  3716 | Temple   | Entered the Ecumenical Temple
  3749 | Temple   | Became a worshipper of Hepliaklqana the Forgotten
  4014 | D:5      | Reached XP level 8. HP: 54/70 MP: 7/7
  4401 | D:6      | Found a white marble altar of Elyvilon.
  4417 | D:6      | Reached skill level 10 in Polearms
  4466 | D:6      | Reached skill level 1 in Dodging
  4694 | D:6      | Reached skill level 5 in Shields
  4771 | D:6      | Reached XP level 9. HP: 75/75 MP: 8/8
  5425 | D:6      | Found a basalt altar of Yredelemnul.
  5508 | D:7      | Found a flagged portal.
  5568 | Bailey   | Entered a bailey
  5612 | Bailey   | Reached skill level 5 in Dodging
  5688 | Bailey   | Noticed an orc knight
  5909 | D:7      | Found a runed translucent gate.
  5910 | D:7      | Found a runed translucent gate.
  5911 | D:7      | Found a runed translucent gate.
  5924 | D:7      | Found an opulent altar of Gozag.
  5925 | D:7      | Noticed JanusIIV's ghost (novice MfWr)
  6025 | D:7      | Found an ancient bone altar of Kikubaaqudgha.
  6266 | D:7      | Identified the +0 ring mail of Feasting {rF+}
  6846 | D:8      | Found a sacrificial altar of Ru.
  6888 | D:8      | Reached * piety under Hepliaklqana
  6917 | D:8      | Reached XP level 10. HP: 74/74 MP: 9/9
  7441 | D:9      | Found an opulent altar of Gozag.
  7441 | D:9      | Found an iron altar of Okawaru.
  7586 | D:9      | Found a stormy altar of Qazlal.
  7606 | D:9      | Noticed a two-headed ogre
  7615 | D:9      | Killed a two-headed ogre
  7683 | D:9      | Found a staircase to the Lair.
  8602 | D:10     | Entered Level 10 of the Dungeon
  8722 | D:10     | Reached ** piety under Hepliaklqana
  8728 | D:10     | Remembered your ancestor Kammani as a hexer
  8764 | D:10     | Reached XP level 11. HP: 63/81 MP: 10/10
  8767 | D:10     | Noticed Harold
  8780 | D:10     | Killed Harold
  8988 | D:10     | Found a burning altar of Makhleb.
  9605 | D:10     | Noticed Lodul
  9633 | D:10     | Killed Lodul
 10021 | D:10     | Noticed a two-headed ogre
 10526 | Lair:1   | Entered Level 1 of the Lair of Beasts
 10810 | Lair:1   | Reached *** piety under Hepliaklqana
 10825 | Lair:1   | Reached skill level 10 in Armour
 11070 | Lair:1   | Reached skill level 10 in Fighting
 11152 | Lair:1   | Reached skill level 10 in Dodging
 11618 | Lair:2   | Reached XP level 12. HP: 76/96 MP: 11/11
 11726 | Lair:2   | Noticed Amaemon
 11747 | Lair:2   | Killed Amaemon
 12200 | Lair:2   | Found a hole to the Spider Nest.
 12272 | Lair:2   | Noticed a six-headed hydra
 12283 | Lair:2   | Killed a six-headed hydra
 12605 | Lair:3   | Found a staircase to the Swamp.
 12616 | Lair:3   | Noticed a catoblepas
 12630 | Lair:3   | Killed a catoblepas
 12755 | Lair:3   | Reached **** piety under Hepliaklqana
 13751 | Lair:4   | Reached skill level 1 in Evocations
 14326 | Lair:5   | Entered Level 5 of the Lair of Beasts
 14401 | Lair:5   | Noticed a catoblepas
 14420 | Lair:5   | Killed a catoblepas
 14532 | Lair:5   | Noticed a death yak
 14562 | Lair:5   | Killed a death yak
 14568 | Lair:5   | Noticed a death yak
 14591 | Lair:5   | Killed a death yak
 14592 | Lair:5   | Reached XP level 13. HP: 52/106 MP: 12/12
 14621 | Lair:5   | Reached skill level 5 in Evocations
 15006 | Lair:5   | Identified the +6 mace "Noetuoj" {heavy, Str+3}
 15101 | Lair:5   | Found a staircase to the Slime Pits.
 15308 | Lair:5   | Reached ***** piety under Hepliaklqana
 16140 | D:11     | Found a staircase to the Orcish Mines.
 17365 | D:12     | Reached skill level 10 in Evocations
 17454 | D:12     | Noticed Sonja
 17458 | D:12     | Killed Sonja
 17628 | D:12     | Found a glowing golden altar of the Shining One.
 18283 | D:13     | Found a gate to the Vaults.
 18333 | D:13     | Reached XP level 14. HP: 78/113 MP: 13/13
 19725 | D:14     | Found an iron altar of Okawaru.
 19793 | D:14     | Found a frozen archway.
 19849 | D:14     | HP: 3/113 [boulder beetle (38)]
 19855 | D:14     | HP: 4/113 [boulder beetle (44)]
 20175 | D:14     | Found Mokaikk's Jewellery Shop.
 21675 | D:14     | Found Obaar's Changing Room.
 21944 | D:14     | Reached skill level 1 in Invocations
 22006 | D:14     | Reached ****** piety under Hepliaklqana
 22055 | D:15     | Entered Level 15 of the Dungeon
 22058 | D:15     | Noticed Louise
 22337 | D:15     | Noticed Jorgrun
 22477 | Abyss:3  | Cast into level 3 of the Abyss (Louise)
 22548 | Abyss:3  | Noticed a lich
 22570 | Abyss:3  | Killed a lich
 22620 | Abyss:3  | Found a corrupted altar of Lugonu.
 22819 | Abyss:3  | Noticed a tentacled starspawn
 22825 | Abyss:3  | Killed a tentacled starspawn
 22834 | Abyss:3  | Reached skill level 5 in Invocations
 22887 | Abyss:3  | Slain by a thrashing horror

Illustrated notes

Levels and vault maps discovered:
D:1:      matt_arrival_diagonals, layout_rooms, minmay_misc_feat_tiny
D:2:      layout_basic, serial_forest, infiniplex_forest_pool,
          infiniplex_forest_lined_3_way, infiniplex_forest_split,
          infiniplex_forest_clump_small
D:3:      layout_basic, mainiacjoe_overflow_two_lobes, serial_shops,
          nicolae_shop_temple_entry_statues_fountains,
          small_statue_intersection, uniq_terence
D:4:      layout_layer_cave, general_overflow_altar,
          cheibrodos_sewer_entry_sluice
D:5:      layout_basic, minmay_temple_entry_nine_rooms, st_stairs_14,
          saegor_snake_ambush, uniq_duvessa
D:6:      layout_loops_ring, elyvilon_altar_5,
          lemuel_mausoleum_altar_yredelemnul
D:7:      layout_basic, mainiacjoe_overflow_catwalk, ebering_ghost_gozag,
          enter_bailey_5
D:8:      layout_layer_cave, nicolae_ru_sacrificial_ziggurat
D:9:      layout_roguey, nicolae_qazlal_general_emergency, jmf_multi_god_temple,
          hellmonk_lair_entry_icy
D:10:     layout_cave_pods, lightli_temple_of_fire,
          hangedman_abyss_or_decor_lesser_grid,
          minmay_fractal_squares_gapless_5, uniq_lodul, uniq_harold
D:11:     layout_basic, orc_0_dummy
D:12:     layout_irregular_city, nicolae_tso_carved_into_rock, uniq_sonja
D:13:     layout_stronghold, erik_vaults_2, serial_ice, serial_ice_k,
          serial_ice_h, serial_ice_n, serial_ice_b, serial_ice_d, serial_ice_e,
          serial_ice_a, serial_bayou_lagoon_b
D:14:     layout_stronghold, kennysheep_donut, serial_ice, serial_ice_c,
          serial_ice_o, serial_ice_i, serial_ice_f,
          portal_ice_cave_entry_pillars_four, gauntlet_entry_generic,
          serial_shops, nicolae_shop_back_alley_shop,
          nicolae_transmutations_shop, okawaru_gym_becter
D:15:     hangedman_depths_entry_civil_slaughter, layout_basic,
          minmay_misc_feat_square, uniq_azrael, uniq_jorgrun, uniq_louise
Temple:   minmay_temple_curvy_loop
Lair:1:   layout_small_grid
Lair:2:   layout_chaotic_city, spider_nest_entry_a, lemuel_fruit_fields,
          uniq_amaemon
Lair:3:   layout_regular_city, swamp_mist
Lair:4:   layout_small_grid
Lair:5:   evilmike_catoblepas_cave, layout_regular_city,
          minmay_slime_entry_pillars
Abyss:3:  base:
D:5

Skill      XL: |  1  2  3  4  5  6  7  8  9 10 11 12 13 14 |
---------------+-------------------------------------------+-----
Fighting       | 4 5 6 10 12 | 12.0
Polearms       | 3 4 5 6 7 9 10 14 | 14.4
Armour         | 4 5 8 10 12 | 12.0
Dodging        | 3 8 10 12 | 12.0
Shields        | 5 8 |  8.0
Evocations     | 4 11 14 | 14.0
Invocations    | 5 |  5.6

Action                     |  1- 3 |  4- 6 |  7- 9 | 10-12 | 13-15 || total
---------------------------+-------+-------+-------+-------+-------++-------
  Melee: Trident           |   155 |   143 |    72 |       |       ||   370
         Headbutt          |    33 |    21 |    57 |   173 |   229 ||   513
         Spear             |       |       |   380 |   877 |  1226 ||  2483
 Invoke: Ancestor Life: He |       |       |       |     1 |       ||     1
         Recall Ancestor   |       |       |       |     1 |     2 ||     3
         Idealise          |       |       |       |       |     1 ||     1
  Evoke: Wand              |       |       |     3 |     2 |    27 ||    32
    Use: Potion            |     1 |       |     3 |     5 |    20 ||    29
         Scroll            |       |       |     6 |     8 |    13 ||    27
   Stab: Distracted        |       |       |       |    12 |     9 ||    21
         Confused          |       |       |       |    12 |    21 ||    33
         Petrified         |       |       |       |       |    11 ||    11
         Paralysed         |       |       |       |       |     8 ||     8
 Armour: Scale mail        |    30 |    42 |    57 |    79 |   147 ||   355
  Dodge: Dodged            |    23 |    69 |   180 |   239 |   321 ||   832
  Block: Buckler           |    10 |    21 |    69 |    82 |   269 ||   451
         Reflection        |       |       |       |     1 |    13 ||    14
